 Dungeon Crawl Stone Soup version 0.28-a0-233-gb8ca4b6547 (webtiles) character file.

Game seed: 1103489905560342285

4480 pokeman the Thaumaturge (level 10, -3/56 HPs)
             Began as a Deep Elf Hedge Wizard on Aug 22, 2021.
             Was a Follower of Vehumet.
             Killed from afar by an acid dragon (18 damage)
             ... with a splash of acid
             ... on level 9 of the Dungeon.
             The game lasted 00:33:57 (12463 turns).

pokeman the Thaumaturge (Deep Elf Hedge Wizard)    Turns: 12463, Time: 00:33:58

Health: -3/56      AC:  5    Str:  7    XL:     10   Next: 16%
Magic:  23/28      EV: 12    Int: 32    God:    Vehumet [*.....]
Gold:   109        SH:  0    Dex: 14    Spells: 11/34 levels left

rFire   . . .      SeeInvis .   s - +0 trident (venom)
rCold   . . .      Faith    .   (no shield)
rNeg    . . .      Spirit   .   A - +0 leather armour
rPois   .          Reflect  .   p - +0 helmet {Int+3}
rElec   .          Harm     .   n - +0 cloak
rCorr   .          Rampage  .   (no gloves)
Will    ++...                   (no boots)
Stlth   ++........              (no amulet)
HPRegen 0.18/turn               q - +6 ring of intelligence
MPRegen 0.21/turn               e - ring of willpower

@: no status effects
A: no striking features
a: Renounce Religion


You were on level 9 of the Dungeon.
You worshipped Vehumet.
Vehumet was aware of your devotion.
You visited 2 branches of the dungeon, and saw 10 of its levels.

You collected 383 gold pieces.
You spent 274 gold pieces at shops.

Inventory:

Hand Weapons
 a - a +5 shortbow
 s - a +0 trident of venom (weapon)
Missiles
 d - 155 arrows
 k - 22 bolts
 l - a throwing net
Armour
 n - a +0 cloak (worn)
 p - a +0 helmet of intelligence (worn)
 A - a +0 leather armour (worn)
Jewellery
 e - a ring of willpower (right hand)
 q - a +6 ring of intelligence (left hand)
Wands
 g - a wand of iceblast (9)
 F - a wand of mindburst (13)
Scrolls
 b - 7 scrolls of teleportation
 o - 3 scrolls of enchant weapon
 r - 2 scrolls of summoning
 v - 4 scrolls of magic mapping
 w - 3 scrolls of fog {unknown}
 x - 2 scrolls of enchant armour {unknown}
 y - a scroll of vulnerability {unknown}
 C - 3 scrolls of fear {unknown}
Potions
 c - a potion of attraction {unknown}
 f - a potion of heal wounds
 h - 2 potions of brilliance
 i - 5 potions of curing
 j - a potion of flight {unknown}
 m - a potion of magic {unknown}
 t - a potion of berserk rage {unknown}
 u - 4 potions of haste
 D - 5 potions of lignification {unknown}
 E - a potion of mutation {unknown}
 H - a potion of invisibility {unknown}


   Skills:
 - Level 3.0 Fighting
 + Level 3.5 Armour
 - Level 3.0 Dodging
 - Level 3.0 Stealth
 * Level 12.6 Spellcasting
 + Level 7.2 Conjurations
 + Level 6.2 Summonings
 - Level 2.0 Necromancy
 - Level 1.1 Translocations
 - Level 1.3 Fire Magic
 - Level 1.0 Ice Magic
 - Level 1.0 Air Magic
 - Level 2.0 Poison Magic
 - Level 1.0 Evocations


You had 11 spell levels left.
You knew the following spells:

 Your Spells              Type           Power      Damage    Failure   Level
a - Magic Dart            Conj           100%       1d8       1%          1
b - Mephitic Cloud        Conj/Pois/Air  42%        N/A       2%          3
c - Call Imp              Summ           56%        N/A       1%          2
d - Blink                 Tloc           N/A        N/A       3%          2
e - Conjure Flame         Conj/Fire      47%        6-21      1%          3
f - Foxfire               Conj/Fire      100%       2x1d9     1%          1
g - Freezing Cloud        Conj/Ice/Air   20%        6-21      26%         5
h - Shadow Creatures      Summ           N/A        N/A       38%         6

Your spell library contained the following spells:

 Spells                   Type           Power      Damage    Failure   Level
 Animate Skeleton         Necr           66%        N/A       1%          1
 Pain                     Necr           100%       1d9       1%          1
 Apportation              Tloc           54%        N/A       2%          1
 Corpse Rot               Necr/Air       N/A        N/A       2%          2
 Poisonous Vapours        Pois/Air       58%        N/A       2%          2
 Sandblast                Erth           40%        2d10      3%          1
 Ensorcelled Hibernation  Hex/Ice        46%        N/A       4%          2
 Vampiric Draining        Necr           16%        2d8       4%          3
 Passwall                 Tmut/Erth      16%        N/A       5%          2
 Slow                     Hex            20%        N/A       5%          2
 Ignite Poison            Fire/Tmut/Pois 27%        N/A       6%          3
 Sticky Flame             Conj/Fire      47%        2d6       6%          4
 Spider Form              Tmut/Pois      13%        N/A       7%          3
 Confusing Touch          Hex            20%        N/A       11%         3
 Tukima's Dance           Hex            20%        N/A       11%         3
 Passage of Golubria      Tloc           N/A        N/A       22%         4
 Alistair's Intoxication  Tmut/Pois      17%        N/A       52%         5
 Lee's Rapid Deconstruct  Erth           10%        3d9*      67%         5
 Yara's Violent Unravell  Hex/Tmut       10%        3d6       67%         5
 Invisibility             Hex            10%        N/A       99%         6


Dungeon Overview and Level Annotations

Branches:
Dungeon (9/15)             Temple (1/1) D:7            Lair (0/6) D:9
    Orc: D:9-12

Altars:
Ashenzari
Cheibriados
Dithmenos
Elyvilon
Fedhas
Kikubaaqudgha
Nemelex Xobeh
Okawaru
Sif Muna
Trog
Vehumet
Wu Jian
Yredelemnul
Zin
The Shining One

Shops:
D:4 :   D:6 ?   D:7 (   D:8 (*:[!


Message History

The komodo dragon bites the plant!!
The komodo dragon bites the plant!!
The plant begins to die.
The komodo dragon bites the plant!!
The plant begins to die.
A nearby plant withers and dies.
A nearby plant withers and dies.
A centaur comes into view.
The centaur shouts!
A nearby plant withers and dies.
The centaur wields a +0 shortbow.
The centaur shoots an arrow.
The arrow hits you.
The centaur shoots an arrow.
The arrow hits you.
Casting: Blink (safe; 3% risk of failure)
Confirm with . or Enter, or press ? or * to list all spells.
The fire begins to smoulder!
The centaur shoots an arrow.
The arrow hits you.
The centaur shoots an arrow.
The arrow hits you.
Unknown command.
The fire ignites!
Casting: Conjure Flame (safe; 1% risk of failure)
Confirm with . or Enter, or press ? or * to list all spells.
Aiming: Mephitic Cloud (dangerous; 2% risk of failure)
Press: ? - help, Shift-Dir - straight line, f - komodo dragon
Aim: a komodo dragon (chance to affect: 62%)
The ball explodes into a vile cloud!
The stinking cloud engulfs the komodo dragon but does no damage.
You hear a roar!
The komodo dragon is engulfed in noxious fumes.
Unknown command.
Reach: s) +0 trident (venom)
Press: ? - help, Dir - move target, f/p - komodo dragon
Aim: a komodo dragon (flame, about 35% to evade your +0 trident of venom)
You reach to attack!
You barely miss the komodo dragon.
The komodo dragon is engulfed in blazing flames.
Unknown command.
The komodo dragon bites you!
An acid dragon comes into view.
There is a stone staircase leading up here.
The komodo dragon bites you!
* * * LOW HITPOINT WARNING * * *
The acid dragon spits acid at you. The splash of acid hits you!!
You die...

#PP.....# .#
##P....## .#
##..l###..#
##.○○....#
######......#
#....☼c...c.#
#....######...
##.l.# ..
#@..# c #...#
#...# ##....
#.....
#.......
#####.## D#


You could see a komodo dragon, an acid dragon (catching breath) and a centaur.

Vanquished Creatures
  A kobold demonologist (D:8)
  Prince Ribbit (D:6)
  Sigmund (D:6)
  Eustachio (D:4)
  Menkaure (D:7)
  2 water moccasins (D:7)
  6 orc warriors
  A black bear (D:4)
  7 ogres
  6 centaurs
  3 kobold brigands
  A scorpion (D:6)
  A bullfrog (D:7)
  A water moccasin zombie (D:5)
  A killer bee (D:5)
  4 wights
  A howler monkey (D:6)
  3 bullfrog zombies (D:5)
  3 centaur zombies
  A jelly (D:4)
  2 gnoll shamans (D:7)
  2 hounds (D:3)
  3 orc priests
  3 bullfrog skeletons
  2 centaur skeletons
  3 iguanas
  8 orc wizards
  A scorpion zombie (D:5)
  2 killer bee zombies
  A hound zombie (D:5)
  2 howler monkey zombies
  A howler monkey skeleton (D:5)
  12 gnolls
  4 adders
  2 shadow imps
  A white imp (D:5)
  An ufetubus (D:5)
  An adder skeleton (D:5)
  2 worms
  3 dart slugs
  33 orcs
  9 endoplasms
  3 giant cockroaches
  4 hobgoblins
  3 quokkas
  10 ball pythons
  6 bats
  2 frilled lizards
  11 goblins
  19 kobolds
  8 rats
210 creatures vanquished.

Vanquished Creatures (collateral kills)
  An orc (D:3)
1 creature vanquished.

Vanquished Creatures (others)
  83 foxfires
  6 fungi (D:7)
  16 plants
105 creatures vanquished.

Grand Total: 316 creatures vanquished

Notes
Turn   | Place    | Note
-------+----------+-------------------------------------------
     0 | D:1      | pokeman the Deep Elf Hedge Wizard began the quest for the
                  | Orb.
     0 | D:1      | Reached XP level 1. HP: 10/10 MP: 7/7
   445 | D:1      | Reached XP level 2. HP: 15/15 MP: 7/9
  1010 | D:1      | Found a faded altar of an unknown god.
  1128 | D:1      | Reached skill level 5 in Spellcasting
  1385 | D:1      | Reached XP level 3. HP: 20/20 MP: 9/11
  1389 | D:1      | Learned a level 3 spell: Mephitic Cloud
  1392 | D:1      | Learned a level 2 spell: Call Imp
  1395 | D:1      | Learned a level 2 spell: Blink
  1399 | D:1      | Learned a level 3 spell: Conjure Flame
  1990 | D:2      | Reached skill level 1 in Armour
  2228 | D:2      | Reached skill level 1 in Fighting
  2893 | D:3      | Reached XP level 4. HP: 19/25 MP: 7/13
  3486 | D:3      | Reached skill level 6 in Spellcasting
  3486 | D:3      | Reached skill level 1 in Fire Magic
  3686 | D:3      | Reached XP level 5. HP: 29/29 MP: 13/15
  3885 | D:3      | You fall into a shaft and drop 2 floors!
  3885 | D:5      | Entered Level 5 of the Dungeon
  3996 | D:4      | Found Liczeoj's Book Boutique.
  4210 | D:3      | Found an ancient bone altar of Kikubaaqudgha.
  4585 | D:4      | Noticed a black bear
  4602 | D:4      | Killed a black bear
  4603 | D:4      | Reached skill level 1 in Air Magic
  4603 | D:4      | Reached XP level 6. HP: 5/34 MP: 13/17
  4975 | D:4      | Found an iron altar of Okawaru.
  5074 | D:4      | Learned a level 6 spell: Shadow Creatures
  5118 | D:4      | Noticed Eustachio
  5129 | D:4      | Killed Eustachio
  5130 | D:4      | Reached skill level 7 in Spellcasting
  5130 | D:4      | Reached skill level 1 in Necromancy
  5130 | D:4      | Reached skill level 1 in Poison Magic
  5299 | D:4      | Reached XP level 7. HP: 29/38 MP: 14/20
  5699 | D:4      | Found a sparkling altar of Nemelex Xobeh.
  5950 | D:5      | Reached skill level 8 in Spellcasting
  5950 | D:5      | Reached skill level 1 in Evocations
  6055 | D:5      | Found a basalt altar of Yredelemnul.
  6576 | D:5      | Reached XP level 8. HP: 44/44 MP: 19/22
  6728 | D:5      | Reached skill level 9 in Spellcasting
  7076 | D:6      | Noticed Sigmund
  7090 | D:6      | Killed Sigmund
  7123 | D:6      | Found a glowing silver altar of Zin.
  7262 | D:6      | Reached skill level 5 in Conjurations
  7484 | D:6      | Noticed Prince Ribbit
  7496 | D:6      | Killed Prince Ribbit
  7497 | D:6      | Reached skill level 10 in Spellcasting
  7673 | D:6      | Found a glowing golden altar of the Shining One.
  8120 | D:6      | Reached XP level 9. HP: 50/50 MP: 15/25
  8198 | D:6      | Found Movydd's Magic Scroll Boutique.
  8206 | D:6      | Bought a scroll of identify for 24 gold pieces
  8206 | D:6      | Bought a scroll of magic mapping for 42 gold pieces
  8206 | D:6      | Bought a scroll of teleportation for 36 gold pieces
  8330 | D:7      | Found Enlohos's Antique Weapon Emporium.
  8679 | D:7      | Reached skill level 11 in Spellcasting
  8898 | D:7      | Found a staircase to the Ecumenical Temple.
  8905 | Temple   | Entered the Ecumenical Temple
  9041 | Temple   | Became a worshipper of Vehumet
  9104 | D:7      | Reached skill level 5 in Summonings
  9404 | D:7      | Noticed Menkaure
  9416 | D:7      | Killed Menkaure
  9788 | D:7      | Learned a level 5 spell: Freezing Cloud
  9905 | D:7      | Reached skill level 12 in Spellcasting
 10072 | D:7      | Reached skill level 1 in Ice Magic
 10700 | D:8      | Found Daras's Distillery.
 10703 | D:8      | Noticed a kobold demonologist
 10705 | D:8      | Noticed a sixfirhy
 10706 | D:8      | Noticed a sun demon
 10787 | D:7      | Reached * piety under Vehumet
 10787 | D:7      | Offered knowledge of Foxfire by Vehumet.
 10792 | D:7      | Learned a level 1 spell: Foxfire
 10829 | D:8      | Noticed a sun demon
 11246 | D:7      | Reached XP level 10. HP: 14/55 MP: 17/28
 11622 | D:8      | Found Oxeuwa's Book Boutique.
 12015 | D:8      | Found Hynai's Antique Armour Shoppe.
 12020 | D:8      | Found Upyrots's Assorted Antiques.
 12023 | D:8      | Bought a runed helmet for 172 gold pieces
 12110 | D:8      | Found Lobbol's Weapon Shoppe.
 12441 | D:9      | Found a staircase to the Lair.
 12463 | D:9      | Killed from afar by an acid dragon

Illustrated notes

Levels and vault maps discovered:
D:1:      minmay_arrival_cross, layout_basic,
          hellmonk_ecumenical_altar_heavens_door
D:2:      layout_basic, st_stairs_5, minivault_24, minmay_pentomino_pile
D:3:      layout_basic, nicolae_kikubaaqudgha_miasma_corner,
          cheibrodos_gnoll_hut
D:4:      layout_loops_ring, nemelex_dance_club_becter,
          mainiacjoe_overflow_alcove_1, serial_shops, nicolae_square_shop,
          uniq_eustachio
D:5:      kennysheep_big_flooded_room, layout_loops_ring,
          nicolae_yredelemnul_corpse_copse, hangedman_decor_riveting
D:6:      layout_cave_pods, tso_oasis_becter, mainiacjoe_overflow_catwalk,
          serial_shops, shop, nrook_loot_triangle, uniq_sigmund,
          uniq_prince_ribbit1
D:7:      kennysheep_seaside_town, layout_loops_ring, temple_statues,
          serial_shops, shop, dk_noncrumbling_4, kennysheep_generic_room_10,
          uniq_menkaure
D:8:      layout_layer_cave, serial_shops, shop, shop,
          nicolae_shop_temple_entry_statues_fountains, nicolae_stop_n_shop_1,
          shop, minmay_misc_feat_square
D:9:      layout_irregular_city, xom_redecorated, david_lair_shrubbed,
          serial_shops, nicolae_stop_n_shop_2, uniq_maurice, uniq_pikel
Temple:   minmay_temple_curvy_loop

Skill      XL: |  1  2  3  4  5  6  7  8  9 10 |
---------------+-------------------------------+-----
Spellcasting   | 5 6 7 8 10 12 | 12.6
Armour         | 1 3 |  3.5
Fighting       | 1 3 |  3.0
Conjurations   | 2 3 4 5 7 |  7.2
Fire Magic     | 1 |  1.3
Dodging        | 3 |  3.0
Stealth        | 3 |  3.0
Air Magic      | 1 |  1.0
Necromancy     | 1 2 |  2.0
Poison Magic   | 1 2 |  2.0
Evocations     | 1 |  1.0
Summonings     | 2 4 5 6 |  6.2
Ice Magic      | 1 |  1.0
Translocations | |  1.1

Action                   |  1- 3 |  4- 6 |  7- 9 | 10-12 || total
-------------------------+-------+-------+-------+-------++-------
Melee: Dagger            |    10 |       |       |       ||    10
       Staff             |    11 |     6 |       |       ||    17
       Trident           |       |    35 |   149 |    14 ||   198
 Cast: Magic Dart        |   112 |    66 |   146 |       ||   324
       Mephitic Cloud    |       |     8 |    34 |     7 ||    49
       Call Imp          |       |     1 |     5 |       ||     6
       Conjure Flame     |       |     3 |    27 |     1 ||    31
       Blink             |       |       |     5 |     2 ||     7
       Foxfire           |       |       |    16 |    27 ||    43
  Use: Scroll            |       |       |     9 |       ||     9
 Stab: Confused          |       |     6 |    10 |       ||    16
       Distracted        |       |       |     1 |       ||     1
       Sleeping          |       |       |     1 |       ||     1
Armor: Robe              |     5 |     5 |       |       ||    10
       Leather armour    |       |       |    27 |       ||    27
Dodge: Dodged            |    24 |    24 |    76 |     5 ||   129

Table legend: (Time is in decaauts)
 A = Elapsed time spent in this place.
 B = Non-inter-level travel time spent in this place.
 C = Inter-level travel time spent in this place.
 D = Time resting spent in this place.
 E = Time spent auto-exploring this place.
 F = Levels seen in this place.
 G = Mean time per level.
                   A        B        C        D        E       F      G
               +--------+--------+--------+--------+--------+-----+--------+
         Total |  12539 |  11947 |    592 |   1087 |   9221 |  10 | 1253.9 |
       Dungeon |  12369 |  11788 |    581 |   1087 |   9093 |   9 | 1374.3 |
        Temple |    169 |    158 |     11 |      0 |    128 |   1 |  169.0 |
               +--------+--------+--------+--------+--------+-----+--------+

Top non-repeatable levels by time:
     D:7: 3170 daAuts
     D:1: 1543 daAuts
     D:4: 1511 daAuts
     D:3: 1391 daAuts
     D:5: 1363 daAuts
     D:2: 1344 daAuts
     D:6: 1210 daAuts
     D:8: 802 daAuts
  Temple: 169 daAuts
     D:9: 32 daAuts
